 Dungeon Crawl Stone Soup version 0.26.0-11-g8f856b5395 (webtiles) character file.

Game seed: 4797260011101500010

16046 Froggeryz the Fiendish (level 12, -8/110 HPs)
             Began as a Ghoul Delver on Jan 15, 2021.
             Was a Priest of Makhleb.
             Mangled by Rupert
             ... wielding a +2 vorpal great mace
              (21 damage)
             ... on level 3 of the Lair of Beasts.
             The game lasted 00:19:17 (15972 turns).

Froggeryz the Fiendish (Ghoul Delver)              Turns: 15972, Time: 00:19:18

Health: -8/110     AC: 15    Str: 20    XL:     12   Next: 33%
Magic:  20/20      EV: 10    Int:  5    God:    Makhleb [***...]
Gold:   855        SH:  0    Dex: 11    Spells: 11/11 levels left

rFire    . . .     SeeInvis .     - Unarmed
rCold    + . .     Faith    .   (no shield)
rNeg     + + +     Spirit   .   B - +0 scale mail
rPois    ∞         Reflect  .   (no helmet)
rElec    +         Harm     .   q - +0 cloak
rCorr    .         Rampage  .   N - +2 pair of gloves "Zeethoh" {-Tele rElec Stlth+}
Will     .....     NoTele   +   J - +2 pair of boots
Stlth    ++........             m - amulet of the acrobat
HPRegen  0.00/turn              P - ring of flight
MPRegen  0.17/turn              (no ring)

@: mighty
A: claws 1, cold resistance 1, negative energy resistance 3, inhibited
regeneration, torment resistance, unbreathing
a: Renounce Religion, Evoke Flight, Minor Destruction, Lesser Servant of Makhleb


You were on level 3 of the Lair of Beasts.
You worshipped Makhleb.
Makhleb was most pleased with you.
You visited 3 branches of the dungeon, and saw 16 of its levels.

You collected 855 gold pieces.

Inventory:

Missiles
 r - 13 javelins (quivered)
 L - 5 throwing nets
Armour
 q - a +0 cloak (worn)
 B - a +0 scale mail (worn)
 D - a +1 buckler
 J - a +2 pair of boots (worn)
 N - the +2 pair of gloves "Zeethoh" (worn) {-Tele rElec Stlth+}
   (You found it on level 11 of the Dungeon)

   It insulates you from electricity.
   It prevents most forms of teleportation.
   It makes you more stealthy.
Jewellery
 m - an amulet of the acrobat (around neck)
 I - an uncursed ring of fire
 P - a ring of flight (left hand)
Wands
 f - a wand of digging (6)
 u - a wand of flame (10)
 y - a wand of iceblast (9)
 E - a wand of disintegration (42)
 K - a wand of paralysis (4)
 M - a wand of polymorph (6)
Scrolls
 b - 7 scrolls of fog
 c - 6 scrolls of magic mapping
 d - 3 scrolls of fear
 g - a scroll of identify
 h - 6 scrolls of enchant armour
 i - 4 scrolls of amnesia {unknown}
 l - 3 scrolls of enchant weapon {unknown}
 o - 6 scrolls of teleportation {unknown}
 t - 8 scrolls of remove curse {unknown}
 x - 2 scrolls of noise {unknown}
 C - a scroll of torment {unknown}
 F - 5 scrolls of blinking
 O - a scroll of holy word
Potions
 a - a potion of mutation
 e - 2 potions of haste
 k - 7 potions of curing
 n - a potion of degeneration
 p - 4 potions of brilliance
 s - 5 potions of lignification
 v - 3 potions of flight
 w - 5 potions of attraction
 z - a potion of might
 A - 2 potions of ambrosia
 G - 3 potions of cancellation


   Skills:
 - Level 11.3 Fighting
 - Level 5.5 Armour
 - Level 1.7 Dodging
 - Level 5.4 Stealth
 * Level 4.4 Shields
 - Level 11.2 Unarmed Combat
 + Level 12.1 Invocations


You had 11 spell levels left.
You didn't know any spells.
Your spell library contained the following spells:

 Spells                   Type           Power        Failure   Level
 Animate Skeleton         Necr           0%           80%         1
 Pain                     Necr           0%           80%         1
 Sting                    Tmut/Pois      0%           80%         1
 Poisonous Vapours        Pois/Air       0%           91%         2
 Ignite Poison            Fire/Tmut/Pois 0%           99%         3
 Mephitic Cloud           Conj/Pois/Air  0%           99%         3
 Vampiric Draining        Necr           0%           99%         3
 Animate Dead             Necr           0%           100%        4
 Olgreb's Toxic Radiance  Pois           0%           100%        4
 Agony                    Necr           0%           100%        5


Dungeon Overview and Level Annotations

Branches:
Dungeon (12/15)            Temple (1/1) D:6            Lair (3/6) D:11
 Shoals (0/4) Lair:2          Orc (0/2) D:10
  Snake: Lair:2-4    Spider: Lair:2-4

Altars:
Ashenzari
Cheibriados
Dithmenos
Elyvilon
Fedhas
Gozag
Hepliaklqana
Kikubaaqudgha
Makhleb
Nemelex Xobeh
Okawaru
Qazlal
Ru
Sif Muna
Trog
Uskayaw
Vehumet
Wu Jian
Xom
Yredelemnul
Zin
The Shining One
Lugonu

Shops:
D:4 (   D:10 [(

Portals:
Abyss: D:5

Annotations:
Lair:3 1 runed translucent door, Rupert


Innate Abilities, Weirdness & Mutations

You thrive by killing the living.
You are immune to poison.
You have sharp fingernails.
Your flesh is cold resistant. (rC+)
You are immune to negative energy. (rN+++)
You do not regenerate when monsters are visible.
You are immune to unholy pain and torment.
You can survive without breathing.


Message History

You feel much better. The yak gores you but does no damage.
Rupert hits you with a +2 vorpal great mace!
The yak misses you.
You feel much better.
The yak gores you but does no damage. x2
Rupert hits you with a +2 vorpal great mace!
* * * LOW HITPOINT WARNING * * *
A demon appears!
The yak closely misses you. The yak gores you but does no damage.
You punch Rupert!
Rupert is lightly wounded.
The yak completely misses you.
Rupert screams, "Hurray!"
Rupert hits you with a +2 vorpal great mace!
* * * LOW HITPOINT WARNING * * *
x2 The yak gores you.
* * * LOW HITPOINT WARNING * * *
You feel very mighty all of a sudden.
Your neqoxec hits Rupert! The yak closely misses you.
Rupert hits you with a +2 vorpal great mace!!
You die...

#...##.#.#.....#..#.....#
#...P#.###.......+......#
#...................#.8..
##...................#....
#....................# l)#
#...........Y......#...
##.#...#.###YYl.##.####.
#...##.#...#YY### ## .
##........##@##
#..#.....##@#
##.##.....##3.
#..##......#.#.
##.##.....##.#..8..
###†.###..###..#...#.
#.#..#.#+###.........#
#...................#
##...................


You could see Rupert, a komodo dragon, 5 yaks and a friendly neqoxec (summoned).

Vanquished Creatures
  Fannar (Lair:1)
  Harold (D:9)
  3 hydras
  Erica (D:8)
  An unseen horror (D:12)
  An oklob plant (Lair:1)
  An ugly thing (D:11)
  A centaur zombie (D:11)
  3 cane toads
  A komodo dragon (Lair:1)
  2 trolls
  A polar bear (Lair:2)
  Prince Ribbit (D:6)
  2 wraiths
  15 yaks
  A vampire (D:11)
  Eustachio (D:6)
  A basilisk (Lair:2)
  3 water moccasins
  3 orc warriors
  3 ice beasts
  3 sky beasts
  2 necrophages
  2 phantoms
  7 ogres
  4 centaurs
  2 big kobolds
  6 bullfrogs
  A gnoll sergeant (D:11)
  A water moccasin zombie (D:6)
  2 wyvern skeletons
  A scorpion (D:6)
  5 killer bees (D:9)
  13 wights
  A quasit (D:8)
  3 hounds
  3 bullfrog skeletons
  2 jellies
  5 orc priests
  A centaur skeleton (D:8)
  3 iguanas
  Jessica (D:2)
  10 orc wizards
  9 worker ants
  Natasha (thrice) (D:2)
  A hound skeleton (D:11)
  A worker ant zombie (D:6)
  14 adders
  3 gnolls (D:11)
  2 shadow imps
  5 white imps
  An ufetubus (D:5)
  2 oozes
  2 adder skeletons
  3 adder zombies
  3 worms
  4 dart slugs
  6 leopard geckos
  35 orcs
  3 ball pythons
  4 giant cockroaches
  9 goblins
  4 hobgoblins
  2 jackals (D:5)
  3 quokkas
  5 bats
  5 frilled lizards (D:2)
  A jackal skeleton (D:4)
  A jackal zombie (D:5)
  16 kobolds
  A leopard gecko zombie (D:9)
  A quokka skeleton (D:4)
  10 rats
  A butterfly (D:6)
285 creatures vanquished.

Vanquished Creatures (others)
  3 fungi
  A lurking horror (D:5)
  9 plants
13 creatures vanquished.

Grand Total: 298 creatures vanquished

Notes
Turn   | Place    | Note
-------+----------+-------------------------------------------
     0 | D:5      | Froggeryz the Ghoul Delver began the quest for the Orb.
     0 | D:5      | Reached XP level 1. HP: 19/19 MP: 0/0
    79 | D:4      | Noticed an ogre
   157 | D:5      | Found a hazy altar of Hepliaklqana.
   191 | D:4      | Noticed a hound
   505 | D:3      | Reached XP level 2. HP: 25/26 MP: 1/1
   508 | D:3      | Found a blossoming altar of Fedhas.
   508 | D:3      | Found a white marble altar of Elyvilon.
   509 | D:3      | Found a broken altar of Ashenzari.
   625 | D:2      | Reached XP level 3. HP: 20/31 MP: 2/2
  1595 | D:2      | Reached XP level 4. HP: 38/38 MP: 3/3
  1937 | D:2      | Reached skill level 5 in Unarmed Combat
  2032 | D:2      | Noticed Jessica
  2036 | D:2      | Killed Jessica
  2115 | D:2      | Noticed Natasha
  2133 | D:2      | Killed Natasha
  2134 | D:2      | Reached XP level 5. HP: 12/45 MP: 4/4
  2408 | D:2      | Noticed Natasha
  2436 | D:2      | Killed Natasha
  2583 | D:2      | Noticed Natasha
  2599 | D:2      | Killed Natasha
  2997 | D:3      | Reached XP level 6. HP: 51/51 MP: 5/5
  3308 | D:4      | HP: 2/51 [ogre/+0 giant club (13)]
  3883 | D:4      | Found Opyopho's Antique Weapon Shop.
  3887 | D:4      | Noticed a phantom
  3927 | D:3      | Killed a phantom
  3928 | D:3      | Reached XP level 7. HP: 25/57 MP: 6/6
  4134 | D:4      | Found a snail-covered altar of Cheibriados.
  4440 | D:5      | Found a one-way gate to the infinite horrors of the Abyss.
  4989 | D:5      | Found a corrupted altar of Lugonu.
  5047 | D:5      | Reached skill level 10 in Unarmed Combat
  5047 | D:5      | Reached XP level 8. HP: 59/63 MP: 7/7
  5182 | D:5      | Found a hide-covered altar of Uskayaw.
  5980 | D:6      | Found a bloodstained altar of Trog.
  5997 | D:6      | Found a staircase to the Ecumenical Temple.
  6004 | Temple   | Entered the Ecumenical Temple
  6021 | Temple   | Became a worshipper of Makhleb the Destroyer
  6085 | D:6      | Reached skill level 1 in Invocations
  6139 | D:6      | Noticed Eustachio
  6139 | D:6      | Noticed Prince Ribbit
  6149 | D:6      | Killed Eustachio
  6150 | D:6      | Reached skill level 2 in Invocations
  6237 | D:6      | Killed Prince Ribbit
  6238 | D:6      | Reached skill level 5 in Fighting
  6238 | D:6      | Reached skill level 3 in Invocations
  6238 | D:6      | Reached XP level 9. HP: 53/74 MP: 10/10
  6644 | D:7      | Reached skill level 4 in Invocations
  6728 | D:7      | Found a sparkling altar of Nemelex Xobeh.
  7014 | D:7      | Reached * piety under Makhleb
  7015 | D:7      | Reached skill level 5 in Invocations
  7663 | D:8      | Found a shadowy altar of Dithmenos.
  7995 | D:7      | HP: 3/78 [orc warrior/+0 battleaxe (10)]
  8344 | D:8      | Noticed Erica
  8358 | D:8      | Killed Erica
  8359 | D:8      | Reached skill level 6 in Invocations
  8594 | D:8      | Reached skill level 7 in Invocations
  8694 | D:8      | Reached XP level 10. HP: 88/88 MP: 14/14
  9265 | D:9      | Found a sacrificial altar of Ru.
  9395 | D:9      | Noticed Harold
  9405 | D:9      | Paralysed by Harold for 4 turns
  9423 | D:9      | Killed Harold
  9424 | D:9      | Reached skill level 8 in Invocations
  9772 | D:9      | Reached ** piety under Makhleb
 10275 | D:9      | Reached skill level 9 in Invocations
 10342 | D:10     | Entered Level 10 of the Dungeon
 10389 | D:10     | Found Urriowoke's Weapon Emporium.
 10389 | D:10     | Found a staircase to the Orcish Mines.
 10389 | D:10     | Found Xyddemp's Armour Emporium.
 10656 | D:10     | Reached skill level 10 in Fighting
 11448 | D:11     | Found a staircase to the Lair.
 11540 | D:11     | Reached skill level 10 in Invocations
 11600 | D:11     | Reached XP level 11. HP: 86/101 MP: 17/17
 11760 | D:11     | Reached skill level 1 in Armour
 11828 | D:11     | Noticed a seven-headed hydra
 11836 | D:11     | Killed a seven-headed hydra
 12004 | D:11     | Noticed a seven-headed hydra
 12015 | D:11     | Killed a seven-headed hydra
 12015 | D:11     | Reached *** piety under Makhleb
 12233 | D:11     | Reached skill level 11 in Invocations
 12377 | D:11     | Noticed a cyan ugly thing
 12392 | D:11     | Killed a cyan ugly thing
 12610 | D:11     | Got a pair of fading gloves
 12611 | D:11     | Identified the +2 pair of gloves "Zeethoh" {-Tele rElec
                  | Stlth+} (You found it on level 11 of the Dungeon)
 13027 | D:12     | Found a bloodstained altar of Trog.
 13047 | D:12     | Found a snail-covered altar of Cheibriados.
 13094 | D:12     | Killed an unseen horror
 13095 | D:12     | Reached skill level 12 in Invocations
 13125 | Lair:1   | Entered Level 1 of the Lair of Beasts
 13240 | Lair:1   | Noticed a four-headed hydra
 13253 | Lair:1   | Killed a four-headed hydra
 13254 | Lair:1   | Reached skill level 5 in Armour
 13477 | Lair:1   | Noticed an oklob plant
 13564 | Lair:1   | Killed an oklob plant
 13702 | Lair:1   | Noticed Fannar
 13738 | Lair:1   | HP: 4/101 [Fannar/uncursed staff of cold (8)]
 13739 | Lair:1   | HP: 1/101 [Fannar/uncursed staff of cold (3)]
 13740 | Lair:1   | Killed Fannar
 14049 | Lair:1   | Identified a scroll of acquirement
 14050 | Lair:1   | Acquired the -2 buckler of the Buccaneer {Dex+4}
 14180 | Lair:1   | Reached skill level 1 in Shields
 14180 | Lair:1   | Reached XP level 12. HP: 36/108 MP: 20/20
 14915 | Lair:2   | Found a staircase to the Shoals.
 15942 | Lair:3   | Found a runed translucent door.
 15964 | Lair:3   | Noticed Rupert
 15964 | Lair:3   | Paralysed by Rupert for 4 turns
 15972 | Lair:3   | Mangled by Rupert

Illustrated notes

Levels and vault maps discovered:
D:1:      mainiacjoe_arrival_reflecting_pool, layout_rooms
D:2:      layout_rooms, minivault_26, minmay_split_cup_small, uniq_jessica,
          uniq_natasha
D:3:      layout_rooms, chequers_temple_overflow_statue_of_worship
D:4:      layout_rooms, general_overflow_altar, serial_shops, shop
D:5:      layout_loops_corners, old_standard_altar, kennysheep_mini,
          amcnicky_altar_lugonu_corruption
D:6:      layout_loops_ring, lemuel_crystal_altar,
          minmay_temple_entry_butterflies, uniq_eustachio, uniq_prince_ribbit1
D:7:      layout_cave_pods, lemuel_doored_altar
D:8:      layout_basic, nicolae_dithmenos_the_darkroom, uniq_erica
D:9:      layout_irregular_city, serial_column_ruins,
          column_ruins_square_medium, column_ruins_hut_water,
          column_ruins_open_tiny, column_ruins_grid_1, column_ruins_grid_3,
          column_ruins_open_large, nicolae_ru_awakened_eye, uniq_harold
D:10:     layout_basic, orc_david_3
D:11:     layout_small_grid, lair_entry_dummy, kennysheep_cross_bottleneck
D:12:     layout_roguey, basic_altar, small_statue_intersection,
          lemuel_altar_in_water
Temple:   eino_temple_lava
Lair:1:   layout_regular_city, minmay_lair_oklob_items, uniq_fannar
Lair:2:   layout_chaotic_city, elwin_shoals_entry_rooms
Lair:3:   beast_lair_carwin_large_1, layout_regular_city, pf_torpor_hydra,
          grunt_megastairs_1, serial_bayou_shore_a, uniq_rupert

Skill      XL: |  1  2  3  4  5  6  7  8  9 10 11 12 |
---------------+-------------------------------------+-----
Unarmed Combat | 3 4 5 6 8 10 11 | 11.2
Invocations    | 3 7 10 12 | 12.1
Fighting       | 5 8 10 11 | 11.3
Armour         | 5 |  5.5
Shields        | 1 4 |  4.4
Dodging        | |  1.7
Stealth        | |  5.4

Action                   |  1- 3 |  4- 6 |  7- 9 | 10-12 || total
-------------------------+-------+-------+-------+-------++-------
Melee: Unarmed           |   107 |   172 |   335 |   615 ||  1229
       Punch             |       |       |    19 |    37 ||    56
Throw: Javelin           |       |     1 |       |       ||     1
Invok: Minor Destruction |       |       |       |     9 ||     9
       Lesser Servant of |       |       |       |     1 ||     1
Evoke: Wand              |       |       |     1 |     2 ||     3
  Use: Potion            |       |     1 |     1 |     3 ||     5
       Scroll            |       |       |       |    17 ||    17
 Stab: Sleeping          |     6 |     5 |     9 |     3 ||    23
       Distracted        |       |     1 |       |       ||     1
Armor: Robe              |    28 |    15 |    53 |       ||    96
       Scale mail        |       |       |     4 |   270 ||   274
Dodge: Dodged            |    69 |    88 |   177 |   302 ||   636
